 Dungeon Crawl Stone Soup version 0.31-a0-1424-g2add1c7226 (webtiles) character file.

Game seed: 11705349843460579063

272215 crawlacc the Slayer (level 19, -1/187 (189) HPs)
             Began as a Minotaur Fighter on Dec 26, 2023.
             Was the Champion of Wu Jian.
             Slain by a +4 long sword of draining (21 damage)
             ... animated by Zenata
             ... on level 1 of the Vaults.
             The game lasted 01:29:06 (30231 turns).

crawlacc the Slayer (Minotaur Fighter)             Turns: 30231, Time: 01:29:07

HP:   -1/187 (189)  AC: 41    Str: 28    XL:     19   Next: 22%
MP:   18/18         EV: 16    Int: 11    God:    Wu Jian [******]
Gold: 2040          SH: 28    Dex: 11    Spells: 18/18 levels left

rFire   + + .        a - +9 broad axe (flame)
rCold   + . .        z - +5 Storm Queen's Shield {shock, Fly rElec}
rNeg    + + .        A - +14 plate armour "Unotris" {Str+4}
rPois   +            J - +2 hat
rElec   +            Q - scarf {rC+ rF+}
rCorr   +            d - +1 pair of gloves of Utuehis {rF+ rN++ Int+2}
SInv    .            l - +2 pair of boots {rampage}
Will    +....        p - amulet of reflection Stlth
                     K - ring of poison resistance
HPRegen 0.51/turn    u - ring of resist corrosion
MPRegen 0.16/turn

%: reflection
@: lethally poisoned (-1 -> -16), in a heavenly storm, flying, glowing, lightly
drained
A: horns 2, retaliatory headbutt, large bone plates 1, clever 1, weak 1
}: 2/15 runes: decaying, gossamer
a: Renounce Religion, Wall Jump, Serpent's Lash, Heavenly Storm


You were on level 1 of the Vaults.
You worshipped Wu Jian.
Wu Jian was exalted by your worship.
You visited 7 branches of the dungeon, and saw 32 of its levels.
You also visited: Ice Cave and Volcano.

You collected 3369 gold pieces.
You spent 1329 gold pieces at shops.

Inventory:

Hand Weapons
 a - a +9 broad axe of flaming (weapon)
Missiles
 s - 14 boomerangs (quivered)
 v - a javelin
 P - 3 silver javelins
Armour
 d - the +1 pair of gloves of Utuehis (worn) {rF+ rN++ Int+2}
   (You acquired it on level 14 of the Dungeon)

   Int+2:     It affects your intelligence (+2).
   rF+:       It protects you from fire.
   rN++:      It greatly protects you from negative energy.
 l - a +2 pair of boots of rampaging (worn)
 z - the +5 Storm Queen's Shield (worn) {shock, Fly rElec}
   (You found it on level 14 of the Dungeon)

   Shock:     When it blocks an attack, it may electrocute the attacker.
   This works even against foes who are a short distance away.
   rElec:     It insulates you from electricity.
   Fly:       It grants you flight.
 A - the +14 plate armour "Unotris" (worn) {Str+4}
   (You found it on level 3 of the Swamp)

   Str+4:     It affects your strength (+4).
 J - a +2 hat (worn)
 Q - a scarf of resistance (worn)
Jewellery
 n - a +6 ring of intelligence
 p - an amulet of reflection (around neck)
 u - a ring of resist corrosion (right hand)
 D - a ring of protection from fire
 G - a ring of positive energy
 K - a ring of poison resistance (left hand)
 R - a ring of protection from cold
 Z - a ring of willpower
Wands
 o - a wand of digging (6)
 w - a wand of quicksilver (21)
 y - a wand of paralysis (37)
 H - a wand of iceblast (25)
 L - a wand of flame (26)
 V - a wand of mindburst (18)
Scrolls
 b - 3 scrolls of silence
 c - 3 scrolls of enchant weapon
 e - 3 scrolls of revelation
 g - a scroll of acquirement
 i - a scroll of butterflies
 k - 10 scrolls of identify
 x - 9 scrolls of fear
 I - 6 scrolls of poison
 O - 10 scrolls of teleportation
 S - 4 scrolls of blinking
 W - 3 scrolls of fog
Potions
 f - 6 potions of ambrosia
 h - 2 potions of might
 j - 6 potions of heal wounds
 m - 11 potions of curing
 B - 3 potions of resistance
 E - 3 potions of enlightenment
 F - 6 potions of cancellation
 U - 2 potions of lignification
 X - 2 potions of invisibility
Miscellaneous
 Y - a box of beasts


   Skills:
 + Level 21.2 Fighting
 - Level 18.0 Axes
 - Level 5.0 Throwing
 + Level 19.6 Armour
 + Level 10.6 Dodging
 + Level 19.6 Shields
 + Level 2.2 Alchemy
 + Level 9.2 Evocations


You had 18 spell levels left.
You didn't know any spells.
Your spell library contained the following spells:

 Spells                   Type           Power      Damage    Failure   Level
 Jinxbite                 Hex            0%         N/A       96%         2
 Lesser Beckoning         Tloc           0%         N/A       96%         2
 Frozen Ramparts          Ice            0%         1d1       99%         3
 Gell's Gravitas          Tloc           0%         N/A       99%         3
 Inner Flame              Hex/Fire       0%         N/A       99%         3
 Ozocubu's Armour         Ice            0%         N/A       99%         3
 Summon Guardian Golem    Hex/Summ       0%         N/A       99%         3
 Teleport Other           Tloc           0%         N/A       99%         3
 Tukima's Dance           Hex            0%         N/A       99%         3
 Flame Wave               Conj/Fire      0%         2d4       100%        4
 Leda's Liquefaction      Alch/Erth      1%         N/A       100%        4
 Petrify                  Alch/Erth      2%         N/A       100%        4
 Sticky Flame             Fire/Alch      2%         2d4       100%        4
 Lee's Rapid Deconstruct  Erth           0%         3d4*      100%        5
 Metabolic Englaciation   Hex/Ice        0%         N/A       100%        5
 Yara's Violent Unravell  Hex/Alch       1%         3d3       100%        5
 Bombard                  Conj/Erth      0%         9d1       100%        6
 Enfeeble                 Hex            0%         N/A       100%        7
 Orb of Destruction       Conj           0%         9d5       100%        7
 Spellforged Servitor     Conj/Summ      0%         N/A       100%        7
 Polar Vortex             Ice            0%         N/A       100%        9


Dungeon Overview and Level Annotations

Branches:
Dungeon (15/15)            Temple (1/1) D:4            Lair (5/5) D:9
  Swamp (4/4) Lair:2       Spider (4/4) Lair:3        Slime (0/5) Lair:5
    Orc (2/2) D:10            Elf (0/3) Orc:2        Vaults (1/5) D:14
 Depths (0/4) D:15          IceCv (visited)         Volcano (visited)

Altars:
Ashenzari
Cheibriados
Dithmenos
Elyvilon
Fedhas
Gozag
Hepliaklqana
Kikubaaqudgha
Makhleb
Nemelex Xobeh
Okawaru
Qazlal
Ru
Sif Muna
Trog
Uskayaw
Vehumet
Wu Jian
Xom
Yredelemnul
Zin
The Shining One
Jiyva

Shops:
D:12 *   Orc:2 :?:*(

Annotations:
D:14 3 runed translucent doors
Spider:4 Roxanne
Vaults:1 Zenata


Innate Abilities, Weirdness & Mutations

You have a pair of horns on your head.
You reflexively headbutt those who attack you in melee.
You are partially covered in large bone plates. (SH +4)
Your mind is acute. (Int +4, Str/Dex -1)
You are weak. (Str -2)


Message History

You block the +4 long sword of draining's attack.
The +0 trident of venom completely misses you.
The +1 trident of flaming hits you from afar!
* * * LOW HITPOINT WARNING * * *
The +1 trident of flaming burns you.
* * * LOW HITPOINT WARNING * * *
The +1 hand axe of freezing hits you but does no damage.
You block the vault warden's attack. You block Zenata's attack.
Your shield discharges, shocking Zenata!
The +0 trident of venom hits you from afar.
* * * LOW HITPOINT WARNING * * *
You are poisoned.
The +4 long sword of draining misses you.
You furiously retaliate!
You headbutt the +4 long sword of draining.
The +1 trident of flaming hits you but does no damage.
You slice Zenata!! You burn Zenata! You headbutt Zenata, but do no damage.
Zenata is moderately wounded.
You slice the vault warden!! You burn the vault warden.
You kill the vault warden!
The Council accepts your kill.
The runic seal fades away.
You slash the +1 hand axe of freezing! You miss the +4 long sword of draining.
You feel sick.
The +1 hand axe of freezing hits you but does no damage.
The +4 long sword of draining hits you.
* * * LOW HITPOINT WARNING * * *
You partially resist.
You block the +0 trident of venom's attack.
The +1 trident of flaming barely misses you.
The +1 hand axe of freezing misses you. You furiously retaliate!
You headbutt the +1 hand axe of freezing!
You destroy the +1 hand axe of freezing!
The +1 hand axe of freezing disappears in a puff of smoke!
Zenata points at you and mumbles some strange words.
A blast of power from the earth and the adjacent constructs strikes you!
* * * LOW HITPOINT WARNING * * *
The +0 trident of venom hits you but does no damage.
You are more poisoned.
The +4 long sword of draining hits you!!
You die...

·········· ·········
········· ·········
········░ ░·pc(c░ ░·((a░
░p(░@░
░░░░░░░░'░░(░░░░░░░
········c·▒cB······
···················
···················
···················
░························
░·····░░░░░░░'░░░░░░░░░░░
░·····░░·······░


You could see Zenata, a boulder beetle, a centaur warrior, 2 yaktaurs and 5
dancing weapons.

Vanquished Creatures
  Arachne (Spider:4)
  Mlioglotl (Swamp:1)
  Frances (Spider:1)
  Gastronok (D:8)
  Aizul (Spider:1)
  A storm dragon (D:14)
  A thorn hunter (Swamp:1)
  5 vault wardens (Vaults:1)
  4 emperor scorpions
  6 ghost moths
  6 ironbound preservers (Vaults:1)
  6 broodmothers (Spider:4)
  An ironbound thunderhulk (Vaults:1)
  6 eleionomae
  2 dire elephants
  7 bunyips
  4 spark wasps
  4 entropy weavers
  3 fire dragons (Swamp:4)
  A yaktaur captain (Vaults:1)
  5 alligators
  5 jorogumos
  21 hydras
  8 vault guards
  2 catoblepae
  3 ghost crabs (Swamp:4)
  A death knight (D:14)
  3 radroaches (Spider:4)
  12 centaur warriors
  4 ironbound frosthearts (Vaults:1)
  8 boulder beetles
  A spriggan air mage (Swamp:2)
  5 two-headed ogres
  3 orc high priests (Orc:2)
  A shock serpent (D:14)
  9 death yaks
  A tengu warrior (D:14)
  A deep troll shaman (Lair:5)
  2 spriggan berserkers (Swamp:2)
  6 demonic crawlers
  17 skeletal warriors
  A sixfirhy (D:14)
  11 pharaoh ants
  2 skysharks
  2 spriggan druids
  A goliath frog (Swamp:1)
  11 swamp dragons
  3 bog bodies
  14 deep trolls (Vaults:1)
  14 orb spiders
  4 sun moths
  8 necromancers
  9 orc knights
  An alligator zombie (Swamp:3)
  An arcanist (D:14)
  3 spectral wolf spiders (Spider:3)
  A phantasmal warrior (D:14)
  7 lindwurms
  4 harpies (D:14)
  5 orc sorcerers
  4 steelbarb worms
  2 deep elf pyromancers
  7 wolf spider zombies (Spider:3)
  26 wolf spiders
  An ironbound convoker (Vaults:1)
  5 ugly things
  6 cyclopes
  4 will-o-the-wisps
  2 moths of wrath (Spider:1)
  A moth of wrath (shapeshifter) (D:15)
  A manticore (D:13)
  2 salamanders
  A black mamba (shapeshifter) (D:14)
  4 kobold blastminers (Orc:2)
  2 black mambas (Lair:4)
  7 meliai
  An ice statue (IceCv)
  5 elephants
  A water nymph (D:15)
  4 vault sentinels (Vaults:1)
  5 torpor snails
  4 gargoyles
  11 cane toads
  2 rime drakes
  An unseen horror (D:11)
  An efreet (D:14)
  12 komodo dragons
  13 yaktaurs
  10 freezing wraiths
  An anaconda simulacrum (IceCv)
  3 tengu conjurers (D:14)
  11 ice devils (IceCv)
  5 harpy zombies (D:14)
  9 tyrant leeches
  A queen bee (shapeshifter) (D:13)
  4 trolls
  4 polar bears
  A bloated husk (Swamp:3)
  6 wolf spider simulacra (Spider:3)
  12 hornets
  24 tarantellas
  17 blink frogs
  4 dream sheep (Lair:4)
  Sigmund (D:3)
  31 jumping spiders
  23 culicivoras
  11 spriggans
  10 slime creatures
  A centaur simulacrum (D:15)
  7 vampires
  2 shadows
  3 air elementals (D:14)
  A dire elephant simulacrum (IceCv)
  5 wraiths
  31 yaks
  7 wargs
  2 fire bats (Swamp:4)
  2 wyverns
  35 redbacks
  14 vampire mosquitoes
  3 death yak simulacra (IceCv)
  19 swamp worms
  2 harpy simulacra (IceCv)
  8 water moccasins
  2 acid dragons
  3 hydra simulacra (IceCv)
  4 hell hounds (Volcano)
  30 orc warriors
  9 swamp drakes
  3 ice beasts
  2 sky beasts
  4 black bears
  8 ogres
  17 centaurs
  31 wolves
  3 kobold brigands
  14 bullfrogs
  2 gnoll sergeants
  10 scorpions
  3 cane toad simulacra (IceCv)
  2 two-headed ogre simulacra (IceCv)
  4 wights (D:9)
  4 elephant simulacra
  12 killer bees (D:9)
  A howler monkey (D:5)
  An electric eel (Spider:4)
  2 jellies
  21 orc priests
  2 sleepcaps (D:5)
  An iguana (D:5)
  41 orc wizards
  13 polar bear simulacra
  A spriggan simulacrum (IceCv)
  A wolf simulacrum (IceCv)
  A troll simulacrum (IceCv)
  Robin (D:3)
  10 gnolls
  4 adders
  2 shadow imps
  2 white imps
  5 ufetubi
  3 worms (Lair:3)
  A dart slug (D:2)
  66 orcs
  2 endoplasms
  4 giant cockroaches
  20 goblins
  7 hobgoblins
  4 jackals
  20 kobolds
  2 quokkas (D:1)
  7 ball pythons
  3 bats
  5 frilled lizards
  8 rats
1175 creatures vanquished.

Vanquished Creatures (others)
  A bog body (Swamp:3)
  A wolf spider (Spider:4)
  4 bloated husks (Swamp:3)
  A hornet (Swamp:4)
  A hydra zombie (Swamp:3)
  A spriggan (Swamp:4)
  A hydra simulacrum (Swamp:3)
  3 swamp drakes (Swamp:4)
  An orc (Orc:2)
  16 foxfires (Swamp:4)
30 creatures vanquished.

Grand Total: 1205 creatures vanquished

Notes
Turn   | Place    | Note
-------+----------+-------------------------------------------
     0 | D:1      | crawlacc the Minotaur Fighter began the quest for the Orb.
     0 | D:1      | Reached XP level 1. HP: 19/19 MP: 0/0
   194 | D:1      | Reached XP level 2. HP: 27/27 MP: 1/1
   833 | D:2      | Reached skill level 4 in Fighting
   916 | D:2      | Reached XP level 3. HP: 29/33 MP: 2/2
  1005 | D:2      | Found a faded altar of an unknown god.
  1178 | D:3      | Found an ancient bone altar of Kikubaaqudgha.
  1186 | D:3      | Reached skill level 1 in Evocations
  1187 | D:3      | Noticed Robin
  1204 | D:3      | Killed Robin
  1205 | D:3      | Reached skill level 1 in Throwing
  1205 | D:3      | Reached skill level 1 in Dodging
  1205 | D:3      | Reached XP level 4. HP: 20/40 MP: 3/3
  1495 | D:3      | Found a transporter.
  1495 | D:3      | Noticed Sigmund
  1506 | D:3      | Killed Sigmund
  1507 | D:3      | Reached XP level 5. HP: 23/47 MP: 4/4
  1753 | D:3      | Found a broken altar of Ashenzari.
  2009 | D:3      | Found a transporter.
  2459 | D:4      | Reached XP level 6. HP: 52/53 MP: 5/5
  2965 | D:4      | Reached skill level 5 in Fighting
  2993 | D:4      | Found a staircase to the Ecumenical Temple.
  3155 | D:5      | Entered Level 5 of the Dungeon
  3201 | Temple   | Entered the Ecumenical Temple
  3211 | Temple   | Became a worshipper of the Wu Jian Council
  3253 | D:5      | Reached XP level 7. HP: 19/61 MP: 6/6
  3441 | D:5      | Reached skill level 5 in Armour
  3473 | D:5      | Reached skill level 5 in Shields
  3979 | D:6      | Reached skill level 6 in Fighting
  3979 | D:6      | Reached skill level 5 in Axes
  3979 | D:6      | Reached XP level 8. HP: 70/70 MP: 7/7
  4054 | D:6      | Reached * piety under Wu Jian
  4363 | D:6      | Found a burning altar of Makhleb.
  4364 | D:6      | Found a glowing silver altar of Zin.
  4364 | D:6      | Noticed an angel
  4365 | D:6      | Noticed a blizzard demon
  4603 | D:7      | Reached skill level 7 in Fighting
  4608 | D:7      | Reached skill level 5 in Dodging
  4608 | D:7      | Reached XP level 9. HP: 52/79 MP: 8/8
  4633 | D:7      | Reached ** piety under Wu Jian
  4963 | D:7      | Reached skill level 5 in Throwing
  5251 | D:7      | Found a white marble altar of Elyvilon.
  5354 | D:7      | Found a stormy altar of Qazlal.
  5408 | D:7      | Found a basalt altar of Yredelemnul.
  5655 | D:8      | Found a sacrificial altar of Ru.
  5681 | D:8      | Reached skill level 5 in Evocations
  5820 | D:8      | Noticed Gastronok
  5847 | D:8      | Killed Gastronok
  5848 | D:8      | Reached skill level 9 in Fighting
  5990 | D:8      | Noticed a troll
  6242 | D:8      | Killed a troll
  6243 | D:8      | Reached XP level 10. HP: 27/92 MP: 9/9
  6738 | D:9      | Reached skill level 10 in Fighting
  6782 | D:9      | Reached *** piety under Wu Jian
  6811 | D:9      | Noticed an elephant
  6822 | D:9      | Killed an elephant
  6823 | D:9      | Reached skill level 10 in Axes
  7045 | D:9      | Found a bloodstained altar of Trog.
  7476 | D:9      | Reached **** piety under Wu Jian
  7689 | D:9      | Found a staircase to the Lair.
  7689 | D:9      | Noticed an elephant
  7697 | D:9      | Killed an elephant
  7786 | D:10     | Entered Level 10 of the Dungeon
  7844 | D:10     | Found a snail-covered altar of Cheibriados.
  7979 | D:10     | Reached XP level 11. HP: 83/99 MP: 10/10
  8212 | D:10     | Found a staircase to the Orcish Mines.
  8650 | D:11     | Reached skill level 15 in Axes
  9010 | D:11     | Noticed a boulder beetle
  9017 | D:11     | Killed a boulder beetle
  9175 | D:11     | Reached ***** piety under Wu Jian
  9202 | D:11     | Noticed a cyan ugly thing
  9210 | D:11     | Killed a cyan ugly thing
  9630 | D:12     | Found Duogae's Assorted Antiques.
  9639 | D:12     | Bought a runed broad axe for 252 gold pieces
  9639 | D:12     | Bought a transparent graven amulet for 180 gold pieces
  9639 | D:12     | Identified the amulet of Zinurano {Spirit Harm rElec Will+}
                  | (You bought it in a shop on level 12 of the Dungeon)
  9768 | Lair:1   | Entered Level 1 of the Lair of Beasts
  9923 | Lair:1   | Noticed a death yak
  9930 | Lair:1   | Noticed a death yak
  9931 | Lair:1   | Noticed a death yak
  9934 | Lair:1   | Killed a death yak
  9946 | Lair:1   | Killed a death yak
  9949 | Lair:1   | Killed a death yak
 10058 | Lair:1   | Reached XP level 12. HP: 98/106 MP: 11/11
 10287 | Lair:1   | Found a dark tunnel.
 10325 | Volcano  | Entered a volcano
 10351 | Volcano  | Noticed a two-headed ogre
 10351 | Volcano  | Noticed a two-headed ogre
 10356 | Volcano  | Killed a two-headed ogre
 10358 | Volcano  | Killed a two-headed ogre
 10414 | Volcano  | Noticed a two-headed ogre
 10430 | Volcano  | Killed a two-headed ogre
 10908 | Lair:2   | Reached skill level 11 in Fighting
 11556 | Lair:2   | Noticed a seven-headed hydra
 11556 | Lair:2   | Noticed a seven-headed hydra
 11561 | Lair:2   | Killed a four-headed hydra
 11562 | Lair:2   | Reached skill level 12 in Fighting
 11565 | Lair:2   | Killed a four-headed hydra
 11779 | Lair:2   | Found a staircase to the Swamp.
 11971 | Lair:3   | Found a frozen archway.
 11998 | IceCv    | Entered an ice cave
 12034 | IceCv    | Reached XP level 13. HP: 75/118 MP: 12/12
 12077 | IceCv    | Found an ancient bone altar of Kikubaaqudgha.
 12500 | IceCv    | Reached skill level 13 in Fighting
 12561 | Lair:3   | Found a hole to the Spider Nest.
 12583 | Lair:3   | Reached skill level 10 in Shields
 12585 | Lair:3   | Reached skill level 10 in Armour
 12771 | Lair:3   | Identified the +7 quarterstaff of Runov {drain, rF- Will++
                  | Int+3 Dex+2}
 13533 | Lair:4   | Identified the +1 pair of boots "Kuawellops" {rF+ Int+3}
 14359 | Lair:5   | Entered Level 5 of the Lair of Beasts
 14383 | Lair:4   | Reached skill level 14 in Fighting
 14527 | Lair:5   | Found a staircase to the Slime Pits.
 14527 | Lair:5   | Found a viscous altar of Jiyva.
 14671 | Lair:5   | Reached XP level 14. HP: 132/132 MP: 13/13
 14767 | Lair:5   | Identified the +1 robe of Bursted Contentment {rN+ Str+2
                  | Stlth-}
 15520 | Lair:5   | Found the +4 consecrated labrys {holy, Valiant ^Fragile Fly
                  | SInv}
 15809 | D:9      | Gained mutation: You passively map a small area around you.
                  | [potion of mutation]
 15809 | D:9      | Gained mutation: Your magical capacity is low. (-10% MP)
                  | [potion of mutation]
 15809 | D:9      | Gained mutation: You are resistant to electric shocks.
                  | (rElec) [potion of mutation]
 15818 | D:9      | Lost mutation: You passively map a small area around you.
                  | [potion of mutation]
 15818 | D:9      | Lost mutation: You are resistant to electric shocks.
                  | (rElec) [potion of mutation]
 15818 | D:9      | Lost mutation: Your magical capacity is low. (-10% MP)
                  | [potion of mutation]
 15818 | D:9      | Gained mutation: You expend magic power (3 MP) to
                  | strengthen your wands. [potion of mutation]
 15818 | D:9      | Gained mutation: You are robust. (+10% HP) [potion of
                  | mutation]
 15819 | D:9      | Lost mutation: You are robust. (+10% HP) [potion of
                  | mutation]
 15819 | D:9      | Lost mutation: You expend magic power (3 MP) to strengthen
                  | your wands. [potion of mutation]
 15819 | D:9      | Gained mutation: You are frail. (-10% HP) [potion of
                  | mutation]
 15819 | D:9      | Gained mutation: You sometimes lose your temper in combat.
                  | [potion of mutation]
 15821 | D:9      | Lost mutation: You are frail. (-10% HP) [potion of
                  | mutation]
 15821 | D:9      | Lost mutation: You sometimes lose your temper in combat.
                  | [potion of mutation]
 15821 | D:9      | Gained mutation: You are weak. (Str -2) [potion of
                  | mutation]
 15821 | D:9      | Gained mutation: You are partially covered in large bone
                  | plates. (SH +4) [potion of mutation]
 15821 | D:9      | Gained mutation: Your mind is acute. (Int +4, Str/Dex -1)
                  | [potion of mutation]
 15998 | D:12     | Reached skill level 15 in Fighting
 16832 | D:13     | Identified the +3 plate armour "Syazol" {Rampage ^Drain
                  | Dex+3 Stlth+}
 17529 | D:14     | Reached skill level 16 in Fighting
 17600 | D:14     | Found a runed translucent door.
 17606 | D:14     | Found a runed translucent door.
 17606 | D:14     | Found the +5 Storm Queen's Shield {shock, Fly rElec}
 17641 | D:14     | Reached XP level 15. HP: 141/144 MP: 14/14
 17681 | D:14     | Found a gate to the Vaults.
 18771 | D:14     | Reached skill level 17 in Fighting
 18782 | D:14     | Identified the +10 quick blade of the Thing {venom, Int+2
                  | Dex+2}
 19007 | D:14     | Found a runed translucent door.
 19011 | D:14     | Found a runed translucent door.
 19011 | D:14     | Noticed a storm dragon
 19331 | D:14     | Paralysed by an air elemental for 1 turns
 19335 | D:14     | Paralysed by an air elemental for 1 turns
 19340 | D:14     | Paralysed by an air elemental for 1 turns
 19576 | D:14     | Paralysed by an air elemental for 1 turns
 19578 | D:14     | Paralysed by an air elemental for 1 turns
 19581 | D:14     | Paralysed by an air elemental for 1 turns
 19614 | D:14     | Reached skill level 15 in Shields
 19623 | D:14     | Paralysed by an air elemental for 1 turns
 19631 | D:14     | Paralysed by an air elemental for 1 turns
 19869 | D:14     | Reached skill level 15 in Armour
 20042 | D:14     | Paralysed by an air elemental for 1 turns
 20048 | D:14     | Killed a storm dragon
 20295 | D:15     | Entered Level 15 of the Dungeon
 20679 | D:15     | Found a staircase to the Depths.
 21200 | Swamp:1  | Entered Level 1 of the Swamp
 21296 | Swamp:2  | Reached XP level 16. HP: 129/157 MP: 15/15
 21419 | Swamp:2  | Reached skill level 18 in Fighting
 21896 | Swamp:4  | Entered Level 4 of the Swamp
 22123 | Swamp:4  | Reached ****** piety under Wu Jian
 22524 | Swamp:4  | Got a mossy gem with 1119 turns to spare
 22524 | Swamp:4  | Got a decaying rune of Zot
 22564 | Swamp:4  | Reached skill level 19 in Fighting
 23124 | Swamp:3  | Identified the +14 plate armour "Unotris" {Str+4}
 23663 | Swamp:2  | Lost the mossy gem through the power of Zot.Gained a life
                  | (4 lives remaining)
 23793 | Swamp:1  | Noticed a thorn hunter
 23801 | Swamp:1  | Killed a thorn hunter
 23824 | Swamp:1  | Reached XP level 17. HP: 144/168 MP: 16/16
 24008 | Swamp:1  | Found a stormy altar of Qazlal.
 24008 | Swamp:1  | Noticed Mlioglotl
 24012 | Swamp:1  | Noticed a bone dragon
 24020 | Swamp:1  | Killed Mlioglotl
 24026 | Swamp:1  | Identified the +8 mace of the Globe {freeze, rN+ Str+7}
 24410 | Orc:1    | Entered Level 1 of the Orcish Mines
 24587 | Orc:2    | Entered Level 2 of the Orcish Mines
 24611 | Orc:2    | Found Icaf's Vocational Training.
 24672 | Orc:2    | Found a staircase to the Elven Halls.
 24928 | Orc:2    | Found Xuihiy's Weapon Boutique.
 24959 | Orc:2    | Found Omyaxiocw's Book Shoppe.
 24963 | Orc:2    | Found Ziqeh's Magic Scroll Boutique.
 24985 | Orc:2    | Found Piqidyar's Assorted Antiques.
 24997 | Orc:2    | Bought a potion of haste for 330 gold pieces
 24997 | Orc:2    | Bought a potion of heal wounds for 165 gold pieces
 25007 | Orc:2    | Bought a scroll of identify for 24 gold pieces
 25007 | Orc:2    | Bought a scroll of identify for 24 gold pieces
 25007 | Orc:2    | Bought a scroll of poison for 48 gold pieces
 25007 | Orc:2    | Bought a scroll of poison for 48 gold pieces
 25007 | Orc:2    | Bought a scroll of identify for 24 gold pieces
 25007 | Orc:2    | Bought a scroll of identify for 24 gold pieces
 25007 | Orc:2    | Bought a scroll of butterflies for 48 gold pieces
 25007 | Orc:2    | Bought a scroll of revelation for 90 gold pieces
 25007 | Orc:2    | Bought a scroll of identify for 24 gold pieces
 25007 | Orc:2    | Bought a scroll of immolation for 48 gold pieces
 25552 | Spider:1 | Entered Level 1 of the Spider Nest
 25835 | Spider:1 | Identified the serpent talisman "Lit Amme" {Str+2 Dex+3}
 25835 | Spider:1 | Noticed Aizul
 25855 | Spider:1 | Killed Aizul
 26192 | Spider:1 | Noticed Frances
 26203 | Spider:1 | Killed Frances
 26908 | Spider:2 | Reached skill level 20 in Fighting
 27324 | Spider:4 | Entered Level 4 of the Spider Nest
 27567 | Spider:4 | Reached XP level 18. HP: 178/178 MP: 17/17
 27680 | Spider:4 | Noticed Arachne
 27702 | Spider:4 | Killed Arachne
 27709 | Spider:4 | Noticed Roxanne
 27759 | Spider:4 | Got the Enchiridion on the Weird Icicle
 28124 | Spider:4 | Got a gossamer rune of Zot
 28545 | Spider:3 | Identified a scroll of acquirement
 29755 | Vaults:1 | Entered Level 1 of the Vaults
 29762 | D:14     | Acquired the +1 pair of gloves of Utuehis {rF+ rN++ Int+2}
 29816 | Vaults:1 | Reached skill level 10 in Dodging
 29891 | Vaults:1 | Reached skill level 21 in Fighting
 29909 | Vaults:1 | Reached skill level 1 in Alchemy
 29931 | Vaults:1 | Reached XP level 19. HP: 145/189 MP: 18/18
 30208 | Vaults:1 | Noticed Zenata
 30231 | Vaults:1 | Slain by a +4 long sword of draining

Illustrated notes

Levels and vault maps discovered:
D:1:      orjb1_clovarrival, layout_basic, serial_forest,
          infiniplex_forest_corner_2, infiniplex_forest_clump_tiny,
          infiniplex_forest_clump_curved, infiniplex_forest_lined_4_way,
          infiniplex_forest_clump_small, infiniplex_forest_pool
D:2:      layout_rooms, hellmonk_ecumenical_altar_prayer_group
D:3:      gammafunk_wand_slinger, layout_basic, mainiacjoe_overflow_boulevard,
          mainiacjoe_overflow_six_doors_small, uniq_sigmund, uniq_robin
D:4:      nicolae_cairo_tiling_large_dashed, layout_cave_pods,
          minmay_temple_entry_fiery
D:5:      layout_rooms
D:6:      layout_basic, grunt_temple_overflow_order_and_chaos_2
D:7:      layout_cave_pools, kennysheep_ying_yang, lemuel_tele_altar
D:8:      layout_loops_cross, nicolae_ru_sacrificial_ziggurat, uniq_gastronok
D:9:      layout_cave_pods, mainiacjoe_overflow_24_doors,
          grunt_lair_entry_orc_guard_hut, serial_bayou_pond_e
D:10:     layout_roguey, mainiacjoe_overflow_small_starburst,
          david_orc_1_choice, minmay_misc_feat_pillars
D:11:     wander_river, layout_stronghold
D:12:     layout_irregular_city, serial_shops, nicolae_lakefront_shop,
          grunt_ministairs_11
D:13:     minmay_goldmine, layout_cave_pods, chequers_jeans, minivault_12
D:14:     bobbens_index_wilting_gardens, layout_loops_corners,
          lightli_vaults_fourway_checkpoint, minmay_misc_feat_tiny,
          nicolae_guarded_unrand_storm_shield
D:15:     hangedman_depths_entry_try_elsewhere_first, layout_grid_maze,
          nicolae_the_louvre
Temple:   hellmonk_temple_flake
Lair:1:   layout_roguey, enter_volcano_2
Lair:2:   layout_hall_layers, palyth_hydra_swamp_entry, beast_lair_carwin_8,
          serial_bayou_shore_a
Lair:3:   layout_cave_pods, nicolae_spider_entry_non_spiders,
          portal_ice_cave_entry_ice_simulacra
Lair:4:   layout_gridlike
Lair:5:   grunt_lair_end_beastmaster, layout_loops_ring, slime_entry_1
Swamp:1:  layout_basic_swamp, evilmike_swamp_ruin_house_5,
          lemuel_altar_in_water, uniq_mlioglotl
Swamp:2:  layout_falls_marsh, nicolae_swamp_well_well_well
Swamp:3:  layout_basic_swamp, nicolae_swamp_small_spring,
          nicolae_swamp_necromancer_hut
Swamp:4:  swamp_fiery, layout_basic_swamp, swamp_pool_4,
          statue_in_the_mist_lemuel
Spider:1: layout_cave_pods, uniq_frances, uniq_aizul
Spider:2: layout_spider_delve
Spider:3: layout_spider_delve, nicolae_spider_undead_wolf_pack,
          nicolae_spider_cling_halls
Spider:4: hellmonk_spider_rune_endless_swarm, uniq_roxanne, uniq_arachne
Orc:1:    layout_caves, basic_altar
Orc:2:    st_orc_elflike, layout_diamond_mine, regret_index_minedec_devilstone,
          hangedman_feature_mirror, nicolae_shop_vocational
Vaults:1: hangedman_vaults_corner, vaults_mumra_minichess,
          nicolae_vaults_puzzle_piece, grunt_vaults_swirl,
          nicolae_vaults_frosty_reception, nicolae_vaults_sesquioval_fish,
          nicolae_vaults_shipping_containers_7, nicolae_vaults_tetromino_Z_1,
          v_alt_pattern_3, nicolae_vaults_offset_grid_hallway_3,
          ontoclasm_vaults_decontamination, layout_vaults_ring, uniq_zenata

Skill      XL: |  1  2  3  4  5  6  7  8  9 10 11 12 13 14 15 16 17 18 19 |
---------------+----------------------------------------------------------+-----
Fighting       | 4 5 6 7 9 10 12 14 16 17 19 20 21 | 21.2
Armour         | 4 5 8 11 13 15 17 18 19 | 19.6
Evocations     | 1 2 3 4 5 7 9 |  9.2
Axes           | 3 4 5 6 9 13 17 18 | 18.0
Throwing       | 1 2 3 4 5 |  5.0
Dodging        | 1 2 3 5 8 10 | 10.6
Shields        | 4 5 8 11 13 15 17 18 19 | 19.6
Alchemy        | 1 2 |  2.2

Action                     |  1- 3 |  4- 6 |  7- 9 | 10-12 | 13-15 | 16-18 | 19-21 || total
---------------------------+-------+-------+-------+-------+-------+-------+-------++-------
  Melee: War axe           |    76 |    79 |   103 |       |       |       |       ||   258
         Headbutt          |     8 |    10 |    43 |   106 |   208 |   268 |    20 ||   663
         Battleaxe         |       |       |   132 |   320 |       |       |       ||   452
         Broad axe         |       |       |       |   213 |   855 |  1102 |    64 ||  2234
  Throw: Dart              |       |     4 |       |     4 |       |       |       ||     8
         Boomerang         |       |     2 |       |       |       |    54 |       ||    56
         Javelin           |       |       |       |    18 |    14 |     2 |       ||    34
 Invoke: Heavenly Storm    |       |       |       |     1 |     5 |     4 |     1 ||    11
         Serpent's Lash    |       |       |       |       |     1 |     1 |       ||     2
Ability: Lunge             |       |       |    13 |    36 |    58 |    63 |     3 ||   173
         Whirlwind         |       |       |    15 |    40 |    74 |   144 |     6 ||   279
  Evoke: Wand              |       |       |       |     2 |     2 |     5 |       ||     9
    Use: Potion            |       |     1 |     1 |     2 |    11 |     5 |     3 ||    23
         Scroll            |       |     1 |     8 |    15 |    13 |     9 |       ||    46
   Stab: Petrified         |       |       |       |       |     4 |       |       ||     4
         Confused          |       |       |       |       |       |     1 |       ||     1
         Held in net/web   |       |       |       |       |       |     2 |       ||     2
 Armour: Scale mail        |    53 |    43 |       |       |       |       |       ||    96
         Chain mail        |       |     5 |   197 |    22 |       |       |       ||   224
         Plate armour      |       |       |       |   296 |   384 |   587 |    72 ||  1339
  Dodge: Dodged            |    46 |    38 |   223 |   252 |    85 |   154 |    32 ||   830
  Block: Buckler           |    10 |    12 |    52 |       |       |       |       ||    74
         Reflection        |       |       |     1 |     5 |    58 |    46 |     3 ||   113
         Other             |       |       |    35 |    76 |       |       |       ||   111
         Kite shield       |       |       |       |   126 |    98 |  1231 |   113 ||  1568
         Tower shield      |       |       |       |       |   814 |       |       ||   814

Table legend: (Time is in decaauts)
 A = Elapsed time spent in this place.
 B = Non-inter-level travel time spent in this place.
 C = Inter-level travel time spent in this place.
 D = Time resting spent in this place.
 E = Time spent auto-exploring this place.
 F = Levels seen in this place.
 G = Mean time per level.
                   A        B        C        D        E       F      G
               +--------+--------+--------+--------+--------+-----+--------+
         Total |  30116 |  27750 |   2366 |   4284 |  16318 |  34 |  885.8 |
       Dungeon |  15528 |  14395 |   1133 |   2548 |   8447 |  15 | 1035.2 |
        Temple |     20 |     11 |      9 |      0 |      0 |   1 |   20.0 |
          Lair |   5460 |   4832 |    628 |    605 |   3208 |   5 | 1092.0 |
         Swamp |   2874 |   2698 |    176 |    651 |   1261 |   4 |  718.5 |
   Spider Nest |   3895 |   3612 |    283 |    334 |   2182 |   4 |  973.8 |
  Orcish Mines |    999 |    865 |    134 |      0 |    597 |   2 |  499.5 |
        Vaults |    414 |    414 |      0 |      0 |    240 |   1 |  414.0 |
      Ice Cave |    548 |    548 |      0 |    146 |    190 |   1 |  548.0 |
       Volcano |    374 |    374 |      0 |      0 |    192 |   1 |  374.0 |
               +--------+--------+--------+--------+--------+-----+--------+

Top non-repeatable levels by time:
    D:14: 2843 daAuts
  Lair:2: 1408 daAuts
     D:9: 1378 daAuts
     D:3: 1259 daAuts
  Lair:5: 1182 daAuts
Spider:3: 1091 daAuts
     D:7: 1079 daAuts
  Lair:3: 1058 daAuts
Spider:1: 1037 daAuts
    D:13: 1021 daAuts
  Lair:4: 1012 daAuts
Spider:4: 979 daAuts
     D:8: 932 daAuts
    D:10: 927 daAuts
 Swamp:3: 915 daAuts
